 Dungeon Crawl Stone Soup version 0.19.5 (webtiles) character file.

178 Hybris the Chopper (level 5, 0/47 HPs)
             Began as a Hill Orc Fighter on Mar 21, 2017.
             Was an Initiate of Beogh.
             Slain by an ogre
             ... wielding a +0 giant club
              (14 damage)
             ... on level 3 of the Dungeon.
             The game lasted 00:06:02 (2152 turns).

Hybris the Chopper (Hill Orc Fighter)               Turns: 2152, Time: 00:06:03

Health: 0/47       AC:  7    Str: 20    XL:     5   Next: 58%
Magic:  5/5        EV:  7    Int:  8    God:    Beogh [......]
Gold:   131        SH:  9    Dex: 10    Spells: 0 memorised, 4 levels left

rFire  . . .     SeeInvis .     a - +0 war axe
rCold  . . .     Gourm    .     b - +0 scale mail
rNeg   . . .     Faith    .     c - +0 shield
rPois  .         Spirit   .     (no helmet)
rElec  .         Reflect  .     (no cloak)
rCorr  .         Harm     .     (no gloves)
MR     .....                    (no boots)
Stlth  ..........               (no amulet)
                                (no ring)
                                (no ring)

@: no status effects
A: no striking features
a: Renounce Religion


You were on level 3 of the Dungeon.
You worshipped Beogh.
Beogh was noncommittal.
You were not hungry.

You visited 1 branch of the dungeon, and saw 3 of its levels.

You collected 131 gold pieces.

Inventory:

Hand Weapons
 a - a +0 war axe (weapon)
Missiles
 k - 37 stones (quivered)
Armour
 b - a +0 scale mail (worn)
 c - a +0 shield (worn)
Jewellery
 n - an uncursed ring of protection from fire {unknown}
Scrolls
 e - a scroll of teleportation {unknown}
 l - a scroll of immolation {unknown}
 m - a scroll of fear {unknown}
 o - 3 scrolls of remove curse {unknown}
 q - a scroll of amnesia {unknown}
Potions
 d - 2 potions of might
 h - a potion of beneficial mutation {unknown}
 p - a potion of curing {unknown}
Comestibles
 f - 2 bread rations
 g - a slice of pizza
 i - 5 chunks of flesh
 j - a royal jelly


   Skills:
 + Level 4.7 Fighting
 * Level 5.7 Axes
 + Level 4.2 Armour
 - Level 3.2 Shields


You had 4 spell levels left.
You didn't know any spells.

Dungeon Overview and Level Annotations

Branches:
Dungeon (3/15)

Altars:


Message History

Some of the chunks of flesh in your inventory have rotted away.
The bat hits you but does no damage.
You miss the bat. The bat hits you.
You hit the ogre.
The ogre is lightly wounded.
You block the ogre's attack.
You slash the ogre!
The ogre is heavily wounded.
The ogre hits you with a giant club!!
You hit the ogre.
The ogre is heavily wounded.
You block the ogre's attack.
Your shield and scale mail prevent you from hitting the ogre.
The ogre is heavily wounded.
The ogre hits you with a giant club!
* * * LOW HITPOINT WARNING * * *
An orc wizard comes into view. It is wielding a dagger of flaming.
The orc wizard shouts!
The ogre hits you with a giant club!
You die...

##############
#....K........
#.###########.
#######K#
#....O..
#..@Ob..#
###.#####.
#.#####.##.. #.
#.#####.##.# #.
#.....#.##.###
#.
#####.#.##...##
#.
#.#o#.....#####.
#.#.......(... .
#.###.....#...
#.# ##........


You could see an ogre, a bat and a kobold.

Vanquished Creatures
  Natasha (thrice) (D:2)
  2 adders (D:2)
  An ooze (D:1)
  2 worms
  A dart slug (D:2)
  2 leopard geckos (D:2)
  4 orcs (D:3)
  14 goblins
  12 hobgoblins
  4 jackals (D:1)
  6 bats
  4 frilled lizards
  4 kobolds
  6 rats
65 creatures vanquished.

Vanquished Creatures (others)
  An orc (D:3)
1 creature vanquished.

Grand Total: 66 creatures vanquished

Notes
Turn   | Place    | Note
-------+----------+-------------------------------------------
     0 | D:1      | Hybris the Hill Orc Fighter began the quest for the Orb.
     0 | D:1      | Reached XP level 1. HP: 19/19 MP: 1/1
   134 | D:1      | Reached skill level 3 in Axes
   142 | D:1      | Reached XP level 2. HP: 26/27 MP: 2/2
   504 | D:1      | Reached XP level 3. HP: 29/33 MP: 3/3
   882 | D:1      | Reached skill level 4 in Axes
  1239 | D:2      | Noticed Natasha
  1247 | D:2      | Killed Natasha
  1247 | D:2      | Reached XP level 4. HP: 30/41 MP: 4/4
  1636 | D:2      | Noticed Natasha
  1644 | D:2      | Killed Natasha
  1644 | D:2      | Reached XP level 5. HP: 27/47 MP: 5/5
  1672 | D:2      | Reached skill level 5 in Axes
  1956 | D:2      | Noticed Natasha
  1962 | D:2      | Killed Natasha
  2017 | D:3      | Became a worshipper of Beogh the Brigand
  2128 | D:3      | Noticed an ogre
  2152 | D:3      | Slain by an ogre

Skill      XL: |  1  2  3  4  5 |
---------------+----------------+-----
Axes           | 3 4 5 |  5.7
Fighting       | 4 |  4.7
Armour         | 4 |  4.2
Shields        | |  3.2

Action                   |  1- 3 |  4- 6 || total
-------------------------+-------+-------++-------
Melee: War axe           |   125 |    85 ||   210
Invok: Convert to Beogh  |       |     1 ||     1
  Eat: Chunk             |     1 |     3 ||     4
Armor: Scale mail        |    71 |    28 ||    99
Dodge: Dodged            |    39 |    22 ||    61
Block: Shield            |    71 |    36 ||   107
